 Dungeon Crawl Stone Soup version 0.29.0-4-gdea44cf6ec (webtiles) character file.

Game seed: 12072948210480901125

28 qw the Chopper (level 3, 0/21 HPs)
             Began as a Tengu Warper on Aug 28, 2022.
             Slain by Terence
             ... wielding a +0 mace of venom
              (3 damage)
             ... on level 2 of the Dungeon.
             The game lasted 00:00:05 (1418 turns).

qw the Chopper (Tengu Warper)                       Turns: 1418, Time: 00:00:06

Health: 0/21       AC:  6    Str: 13    XL:     3   Next: 12%
Magic:  7/7        EV:  9    Int: 13    God:
Gold:   63         SH:  0    Dex: 13    Spells: 6/6 levels left

rFire   . . .      SeeInvis .   Y - +1 hand axe
rCold   . . .      Faith    .   (no shield)
rNeg    . . .      Spirit   .   f - +0 scale mail
rPois   .          Reflect  .   (helmet restricted)
rElec   .          Harm     .   (no cloak)
rCorr   .          Rampage  .   (no gloves)
Will    .....                   (boots unavailable)
Stlth   ..........              (no amulet)
HPRegen 0.07/turn               (no ring)
MPRegen 0.10/turn               (no ring)

@: lethally poisoned (0 -> -19)
A: beak, talons 3
a: no special abilities


You were on level 2 of the Dungeon.
You visited 1 branch of the dungeon, and saw 2 of its levels.

You collected 63 gold pieces.


Innate Abilities, Weirdness & Mutations

You have a beak for a mouth.
You have claws for feet.


   Skills:
 - Level 2.0 Fighting
 + Level 3.9 Axes
 - Level 1.0 Throwing
 - Level 1.1 Armour
 - Level 2.1 Dodging
 - Level 2.0 Spellcasting
 - Level 2.4 Translocations


You had 6 spell levels left.
You didn't know any spells.
Your spell library contained the following spells:

 Spells                   Type           Power      Damage    Failure   Level
 Blink                    Tloc           14%        N/A       56%         2
 Gell's Gravitas          Tloc           7%         N/A       80%         3
 Lesser Beckoning         Tloc           7%         N/A       80%         3
 Teleport Other           Tloc           7%         N/A       80%         3
 Manifold Assault         Tloc           7%         N/A       100%        5

Inventory:

Hand Weapons
 c - a +0 mace
 Y - a +1 hand axe (weapon)
Armour
 f - a +0 scale mail (worn)
Jewellery
 b - an amulet of guardian spirit
Potions
 a - a potion of haste {unknown}
 e - a potion of invisibility {unknown}
 h - a potion of heal wounds {unknown}
 i - a potion of might {unknown}

Dungeon Overview and Level Annotations

Branches:
Dungeon (2/15)

Altars:

Annotations:
D:2 Terence


Message History

A goblin comes into view. It is wielding a +0 dagger.
Found a mace.
Enter note: You hit the goblin.
You kill the goblin!
You see here a +0 dagger.
Found a stone staircase leading up.
Enter note: Terence the Incautious comes into view.
He is wielding a +0 mace of venom.
Terence shouts!
You see here a +0 mace.
c - a +0 mace You hit Terence but do no damage.
You claw Terence. You peck Terence, but do no damage.
Terence is lightly wounded.
Terence says, "Don't bother to defend, it's senseless."
Terence closely misses you.
You hit Terence. Your peck misses Terence.
Terence is moderately wounded.
Terence hits you with a +0 mace of venom.
You are poisoned.
You barely miss Terence.
Terence is moderately wounded.
You feel very sick. Terence completely misses you.
You hit Terence. Your kick misses Terence. You peck Terence, but do no damage.
Terence is heavily wounded.
You feel sick. Terence misses you.
You barely miss Terence. You claw Terence, but do no damage.
You peck Terence, but do no damage.
Terence is heavily wounded.
You feel sick. Terence hits you but does no damage.
You are lethally poisoned!
You hit Terence but do no damage. You claw Terence.
Terence is severely wounded.
You feel very sick.
Terence hits you with a +0 mace of venom!
You are more poisoned.
Terence hits you with a +0 mace of venom.
You die...

.# #...# .# #...######
### ## #...##... ..#
#####...##.#####.#
..........>...##.# # #
.................#.#
..
..........)......#.#.#
#####...##...........#
#...##......@@...#
#...##........<..#
#...##.........#.#
#...##...........#
....##.###.#####.#
#........ ..# .# ....
...# . ....##..# #


You could see Terence.

Vanquished Creatures
  A dart slug (D:1)
  2 bats
  5 giant cockroaches
  2 goblins
  4 hobgoblins (D:1)
  A quokka (D:1)
  2 ball pythons (D:1)
  3 frilled lizards (D:1)
  A kobold (D:1)
  2 rats (D:1)
23 creatures vanquished.

Notes
Turn   | Place    | Note
-------+----------+-------------------------------------------
     0 | D:1      | qw the Tengu Warper began the quest for the Orb.
     0 | D:1      | Reached XP level 1. HP: 12/12 MP: 4/4
     0 | D:1      | 0 ||| qw: Version: 0.1-a-89-g26bdef1
     0 | D:1      | 0 ||| qw: Game counter: 1343
     0 | D:1      | 0 ||| qw: Always use a shield: true
     0 | D:1      | 0 ||| qw: God list: Okawaru
     0 | D:1      | 0 ||| qw: Allow faded altars: false
     0 | D:1      | 0 ||| qw: Do Orc after D:15 true
     0 | D:1      | 0 ||| qw: Do second Lair branch before Depths: true
     0 | D:1      | 0 ||| qw: Lair rune preference: random
     0 | D:1      | 0 ||| qw: Plans: Normal
     0 | D:1      | 0 ||| PLANNING D:1-11
    14 | D:1      | Found a faded altar of an unknown god.
   205 | D:1      | 205 ||| Stepping ~*~*~tactically~*~*~ (hiding).
   214 | D:1      | Reached skill level 3 in Axes
   214 | D:1      | Reached XP level 2. HP: 13/17 MP: 6/6
   280 | D:1      | 280 ||| Stepping ~*~*~tactically~*~*~ (hiding).
   382 | D:1      | 382 ||| Stepping ~*~*~tactically~*~*~ (hiding).
   485 | D:1      | 485 ||| Stepping ~*~*~tactically~*~*~ (hiding).
  1069 | D:1      | Reached XP level 3. HP: 21/21 MP: 7/7
  1232 | D:1      | 1232 ||| UPGRADING to +0 scale mail.
  1242 | D:1      | 1242 ||| DROPPING +0 leather armour.
  1243 | D:1      | 1243 ||| READING scroll labelled HOC NUPUACARR.
  1244 | D:1      | 1244 ||| READING scroll labelled HODIXU QAENK.
  1245 | D:1      | 1245 ||| DRINKING 2 fizzy pink potions.
  1246 | D:1      | 1246 ||| DROPPING scroll of blinking.
  1247 | D:1      | 1247 ||| DROPPING potion of flight.
  1407 | D:2      | Noticed Terence
  1418 | D:2      | HP: 3/21 [Terence/+0 mace of venom (7)]
  1418 | D:2      | Slain by Terence

Levels and vault maps discovered:
D:1:      lightli_arrival_flooded_house, layout_basic,
          chequers_ecumenical_altar_simple, minmay_worlds_worst_comb
D:2:      layout_loops_cross, kennysheep_another_room, uniq_terence

Skill      XL: |  1 |
---------------+----+-----
Axes           | 3 |  3.9
Fighting       | |  2.0
Throwing       | |  1.0
Armour         | |  1.1
Dodging        | |  2.1
Spellcasting   | |  2.0
Translocations | |  2.4

Action                   || total
-------------------------++-------
Melee: Hand axe          ||    45
       Peck              ||     7
       Kick              ||     7
Throw: Boomerang         ||     7
  Use: Scroll            ||     2
       Potion            ||     1
Armor: Leather armour    ||     7
       Scale mail        ||     1
Dodge: Dodged            ||    23

Table legend:
 A = Non-vault XP
 B = Vault XP
 C = Vault XP percentage of total XP
 D = Non-vault monster count
 E = Vault monster count
 F = Vault count percentage of total count
                 A         B        C        D         E       F
            +---------+---------+-------+---------+---------+-------
      Total |      34 |       6 |  15.0 |      20 |       3 |  13.0
            +---------+---------+-------+---------+---------+-------
        D:1 |      28 |       6 |  17.6 |      17 |       3 |  15.0
        D:2 |       6 |       0 |   0.0 |       3 |       0 |   0.0
            +---------+---------+-------+---------+---------+-------
